Map: Blackburn LE

Players

Nina - Winner!

  • Race: Protoss Protoss

Asuna

  • Race: Protoss Protoss

Event: DreamHack SC2 Masters 2021 Winter

VOD

Have the link to the VOD?

Description

Time

  • Played on: Oct. 5, 2021, 4:05 p.m.
  • Length: 5:38

All games in this series

Show
View Real Time Build Order
Export as new Build Order

Nina Protoss - Winner!

Build Orders:  

Get SALT Encoding   

  12  0:00  Probe  
  13  0:12  Probe  
  14  0:19  Pylon  
  14  0:24  Probe  
  15  0:37  Probe (Chrono Boost)  
  15  0:39  Gateway  
  16  0:46  Probe (Chrono Boost)  
  17  0:51  Probe (Chrono Boost)  
  17  0:52  Assimilator  
  18  1:03  Probe  
  19  1:15  Probe  
  20  1:19  Assimilator  
  20  1:24  Zealot (Chrono Boost)  
  20  1:25  Forge  
  22  1:33  Cybernetics Core  
  22  1:46  Pylon  
  21  1:48  Zealot  
  23  1:59  Photon Cannon  
  23  2:10  Photon Cannon  
  21  2:23  Probe  
  16  2:38  Adept (Chrono Boost)  
  18  3:02  Adept (Chrono Boost)  
  17  3:20  Shield Battery  
  17  3:27  Photon Cannon  
  17  3:32  Probe  
  18  3:49  Adept  
  20  3:55  Photon Cannon  
  20  3:57  Probe  
  22  4:10  Probe  
  22  4:11  Shield Battery  
  22  4:24  Photon Cannon  
  22  4:26  Adept  
  22  4:29  Probe  
  25  4:56  Adept  
  26  5:09  Shield Battery  
  26  5:13  Probe  
  25  5:25  Probe  
Show
View Real Time Build Order
Export as new Build Order

Asuna Protoss 

Build Orders:  

Get SALT Encoding   

  12  0:00  Probe  
  13  0:12  Probe  
  14  0:24  Probe  
  15  0:29  Pylon  
  15  0:47  Gateway  
  15  0:48  Gateway  
  15  0:59  Gateway  
  15  1:05  Probe  
  16  1:15  Pylon  
  16  1:22  Pylon  
  16  1:34  Zealot x2 (Chrono Boost)  
  20  1:40  Pylon  
  20  1:51  Zealot (Chrono Boost)  
  20  1:52  Zealot (Chrono Boost)  
  24  1:58  Zealot (Chrono Boost)  
  24  2:17  Zealot (Chrono Boost)  
  24  2:21  Zealot (Chrono Boost)  
  26  2:25  Zealot (Chrono Boost)  
  26  2:29  Pylon  
  28  2:37  Zealot  
  28  2:43  Zealot  
  28  2:53  Zealot  
  26  3:04  Zealot  
  26  3:10  Zealot  
  28  3:16  Probe  
  28  3:18  Assimilator  
  27  3:20  Zealot  
  29  3:31  Zealot  
  31  3:37  Assimilator  
  31  3:38  Zealot, Pylon  
  31  3:43  Probe  
  28  3:55  Probe  
  29  4:07  Pylon  
  29  4:08  Probe  
  28  4:26  Zealot x2 (Chrono Boost)  
  31  4:34  Zealot (Chrono Boost)  
  28  4:50  Zealot  
  23  5:04  Zealot  

Tags
 
Add a new tag
Caveats
  • Supply blocks, unpowered buildings, or Contaminate may cause inaccurate times.
  • Supply counts are checked every 10 seconds.